EL
MANCHESTER FISHER CATS @ ELMIRA PIONEERS
07/03/1982
 
TOP OF THE 1ST
Manchester Fisher Cats batting - Pitching for Elmira Pioneers : RHP Dwayne Henry
Pitching: RHP Dwayne Henry
Batting: LHB Carlos Cabassa 0-0: Ball
1-0: Ball
2-0: Ball
3-0: Base on Balls
Batting: LHB Tim Derryberry 0-0: Swinging Strike
0-1: Ball
1-1: Foul Ball, location: 2F
1-2: Foul Ball, location: 2F
1-2: Strikes out looking
Batting: SHB Stan Javier 0-0: Ball
1-0: Foul Ball, location: 2F
1-1: Called Strike
1-2: Ball
2-2: Fly out, F5 (Popup, 5SF, EV 73.8 MPH)
Batting: RHB Joe Citari 0-0: Ball
1-0: Ball
2-0: Ball
3-0: Called Strike
3-1: Called Strike
3-2: Strikes out looking
Top of the 1st over - 0 runs, 0 hits, 0 errors, 1 left on base; Manchester 0 - Elmira 0
BOTTOM OF THE 1ST
Elmira Pioneers batting - Pitching for Manchester Fisher Cats : RHP Mitch Cook
Pitching: RHP Mitch Cook
Batting: RHB Ken Dowell 0-0: SINGLE (Line Drive, 3D, EV 99.4 MPH)
Batting: RHB Mark Wasinger 0-0: Called Strike
0-1: Ball
1-1: Fielders Choice at 2nd, 3-6 (Groundball, 34, EV 89.4 MPH)
Batting: RHB Richard Givens 0-0: Called Strike
0-1: Grounds into double play, 6-4-3 (Groundball, 6, EV 81.3 MPH)
Bottom of the 1st over - 0 runs, 1 hit, 0 errors, 0 left on base; Manchester 0 - Elmira 0
TOP OF THE 2ND
Manchester Fisher Cats batting - Pitching for Elmira Pioneers : RHP Dwayne Henry
Batting: LHB Jessie Reid 0-0: Ball
1-0: Ball
2-0: Called Strike
2-1: Ball
3-1: Fly out, F8 (Flyball, 8LXD, EV 98.8 MPH)
Batting: RHB Kevin Darst 0-0: Called Strike
0-1: SINGLE (Groundball, 6S, EV 68.1 MPH) (infield hit)
Batting: RHB Randy Johnson 0-0: Ball
1-0: Foul Ball, location: 2F
1-1: Ball
2-1: Swinging Strike
2-2: Ball
3-2: Base on Balls
Kevin Darst to second
Batting: RHB Buddy Pryor 0-0: Called Strike
0-1: Swinging Strike
0-2: Ball
1-2: Ball
2-2: Foul Ball, location: 2F
2-2: Foul Ball, location: 2F
2-2: Fly out, F7 (Flyball, 7S, EV 93.1 MPH)
Batting: RHB Reymundo Estevez 0-0: Ball
1-0: Ball
2-0: Ball
3-0: Base on Balls
Kevin Darst to third
Randy Johnson to second
Batting: LHB Carlos Cabassa 0-0: Ball
1-0: Foul Ball, location: 2F
1-1: Foul Ball, location: 2F
1-2: Strikes out swinging
Top of the 2nd over - 0 runs, 1 hit, 0 errors, 3 left on base; Manchester 0 - Elmira 0
BOTTOM OF THE 2ND
Elmira Pioneers batting - Pitching for Manchester Fisher Cats : RHP Mitch Cook
Batting: RHB Greg Keatley 0-0: Swinging Strike
0-1: Ball
1-1: Ball
2-1: Ball
3-1: Ground out 5-3 (Groundball, 5S, EV 65.0 MPH)
Batting: RHB Edwin Rodriguez 0-0: Ball
1-0: Swinging Strike
1-1: Ground out 6-3 (Groundball, 6, EV 84.4 MPH)
Batting: SHB Esteban Mendez 0-0: Called Strike
0-1: DOUBLE (Line Drive, 7LM, EV 109.4 MPH)
Batting: LHB Juan Flores 0-0: Ground out 6-3 (Groundball, 6M, EV 87.5 MPH)
Bottom of the 2nd over - 0 runs, 1 hit, 0 errors, 1 left on base; Manchester 0 - Elmira 0
TOP OF THE 3RD
Manchester Fisher Cats batting - Pitching for Elmira Pioneers : RHP Dwayne Henry
Batting: LHB Tim Derryberry 0-0: Ball
1-0: Swinging Strike
1-1: Ball
2-1: Ball
3-1: Base on Balls
Batting: SHB Stan Javier 0-0: Called Strike
0-1: Ball
1-1: Foul Ball, location: 2F
1-2: Strikes out swinging
Batting: RHB Joe Citari 0-0: Ball
1-0: Grounds into double play, 5-4-3 (Groundball, 56S, EV 83.1 MPH)
Top of the 3rd over - 0 runs, 0 hits, 0 errors, 0 left on base; Manchester 0 - Elmira 0
BOTTOM OF THE 3RD
Elmira Pioneers batting - Pitching for Manchester Fisher Cats : RHP Mitch Cook
Batting: RHB Curtis Cannedy 0-0: Ball
1-0: Swinging Strike
1-1: Swinging Strike
1-2: Ball
2-2: Ball
3-2: Foul Ball, location: 2F
3-2: Foul Ball, location: 2F
3-2: Strikes out swinging
Batting: LHB German Barranca 0-0: Called Strike
0-1: Ball
1-1: Ground out 6-3 (Groundball, 56, EV 80.6 MPH)
Batting: RHB Ken Dowell 0-0: Foul Ball, location: 2F
0-1: Ground out 5-3 (Groundball, 56, EV 80.0 MPH)
Bottom of the 3rd over - 0 runs, 0 hits, 0 errors, 0 left on base; Manchester 0 - Elmira 0
TOP OF THE 4TH
Manchester Fisher Cats batting - Pitching for Elmira Pioneers : RHP Dwayne Henry
Batting: LHB Jessie Reid 0-0: Ground out 6-3 (Groundball, 6M, EV 85.6 MPH)
Batting: RHB Kevin Darst 0-0: Ball
1-0: Foul Ball, location: 2F
1-1: Bunted foul
1-2: Strikes out looking
Batting: RHB Randy Johnson 0-0: Called Strike
0-1: Ball
1-1: Called Strike
1-2: Ground out U3 (Groundball, 3, EV 100.0 MPH)
Top of the 4th over - 0 runs, 0 hits, 0 errors, 0 left on base; Manchester 0 - Elmira 0
BOTTOM OF THE 4TH
Elmira Pioneers batting - Pitching for Manchester Fisher Cats : RHP Mitch Cook
Batting: RHB Mark Wasinger 0-0: Called Strike
0-1: Ground out 1-3 (Groundball, 13S, EV 66.3 MPH)
Batting: RHB Richard Givens 0-0: Ball
1-0: Ball
2-0: SINGLE (Flyball, 56D, EV 85.0 MPH)
Batting: RHB Greg Keatley 0-0: Called Strike
0-1: Ball
Wild Pitch!
Richard Givens to second
1-1: Swinging Strike
1-2: Fly out, F7 (Flyball, 7, EV 76.9 MPH)
Batting: RHB Edwin Rodriguez 0-0: Ball
1-0: Ball
2-0: Called Strike
2-1: Foul Ball, location: 2F
2-2: Fly out, F9 (Line Drive, 9, EV 92.5 MPH)
Bottom of the 4th over - 0 runs, 1 hit, 0 errors, 1 left on base; Manchester 0 - Elmira 0
TOP OF THE 5TH
Manchester Fisher Cats batting - Pitching for Elmira Pioneers : RHP Dwayne Henry
Batting: RHB Buddy Pryor 0-0: Foul Ball, location: 2F
0-1: SINGLE (Groundball, 56D, EV 108.1 MPH)
Batting: RHB Reymundo Estevez 0-0: Bunted foul
0-1: Ball
1-1: Sac Bunt to 5S - play at first, batter safe!
Buddy Pryor to second
Batting: LHB Carlos Cabassa 0-0: Called Strike
0-1: Fielders Choice at 2nd, 6-4 (Groundball, 6M, EV 110.0 MPH)
Buddy Pryor to third
Batting: LHB Tim Derryberry 0-0: Ball
1-0: Ball
2-0: Called Strike
2-1: Fly out, F4 (Popup, 34, EV 69.4 MPH)
Batting: SHB Stan Javier 0-0: Ground out U3 (Groundball, 3, EV 91.9 MPH)
Top of the 5th over - 0 runs, 2 hits, 0 errors, 2 left on base; Manchester 0 - Elmira 0
BOTTOM OF THE 5TH
Elmira Pioneers batting - Pitching for Manchester Fisher Cats : RHP Mitch Cook
Batting: SHB Esteban Mendez 0-0: Fly out, F5 (Line Drive, 5, EV 65.0 MPH)
Batting: LHB Juan Flores 0-0: Called Strike
0-1: Fly out, F7 (Flyball, 7LM, EV 85.0 MPH)
Batting: RHB Curtis Cannedy 0-0: Called Strike
0-1: Foul Ball, location: 2F
0-2: Strikes out looking
Bottom of the 5th over - 0 runs, 0 hits, 0 errors, 0 left on base; Manchester 0 - Elmira 0
TOP OF THE 6TH
Manchester Fisher Cats batting - Pitching for Elmira Pioneers : RHP Dwayne Henry
Batting: RHB Joe Citari 0-0: Called Strike
0-1: Ball
1-1: Swinging Strike
1-2: Foul Ball, location: 2F
1-2: Ball
2-2: Strikes out looking
Batting: LHB Jessie Reid 0-0: Swinging Strike
0-1: Ball
1-1: DOUBLE (Line Drive, 78M, EV 104.4 MPH)
Batting: RHB Kevin Darst 0-0: Ball
1-0: Ball
2-0: Ground out 6-3 (Groundball, 6S, EV 83.8 MPH)
Jessie Reid to third
Batting: RHB Randy Johnson 0-0: Ball
1-0: Ball
2-0: Ball
3-0: Base on Balls
Batting: RHB Buddy Pryor 0-0: SINGLE (Groundball, 6MD, EV 106.9 MPH)
Jessie Reid scores
Randy Johnson to second
Runner from 2nd tries for 3rd, SAFE, throw by CF made to third
Batting: RHB Reymundo Estevez 0-0: Ball
1-0: Called Strike
1-1: Ground out 4-3 (Groundball, 4MD, EV 98.1 MPH)
Top of the 6th over - 1 run, 2 hits, 0 errors, 2 left on base; Manchester 1 - Elmira 0
BOTTOM OF THE 6TH
Elmira Pioneers batting - Pitching for Manchester Fisher Cats : RHP Mitch Cook
Batting: LHB German Barranca 0-0: Ball
1-0: Foul Ball, location: 2F
1-1: SINGLE (Groundball, 25, EV 67.5 MPH) (infield hit)
Batting: RHB Ken Dowell 0-0: Ball
1-0: Foul Ball, location: 2F
1-1: Ball
2-1: Ball
3-1: Foul Ball, location: 2F
3-2: Fly out, F6 (Popup, 6MS, EV 88.1 MPH)
Batting: RHB Mark Wasinger 0-0: Ball
1-0: Called Strike
1-1: Ball
2-1: Foul Ball, location: 2F
2-2: Strikes out swinging
Batting: RHB Richard Givens 0-0: Called Strike
German Barranca steals 2nd base (no throw)
0-1: Ball
1-1: Ball
2-1: Reached on error, E9 (Flyball, 9LM, EV 87.5 MPH)
German Barranca scores
Batting: RHB Greg Keatley 0-0: Called Strike
0-1: Ball
1-1: Reached on error, E5 (Groundball, 5S, EV 86.9 MPH)
Richard Givens to third
Batting: RHB Edwin Rodriguez 0-0: Fly out, F8 (Flyball, 8LXD, EV 90.0 MPH)
Bottom of the 6th over - 1 run, 1 hit, 2 errors, 2 left on base; Manchester 1 - Elmira 1
TOP OF THE 7TH
Manchester Fisher Cats batting - Pitching for Elmira Pioneers : RHP Dwayne Henry
Batting: LHB Carlos Cabassa 0-0: Ball
1-0: Ball
2-0: Ball
3-0: Called Strike
3-1: Foul Ball, location: 2F
3-2: Base on Balls
Batting: LHB Tim Derryberry 0-0: Bunted foul
0-1: Bunted foul
0-2: Fly out, F7 (Flyball, 7LD, EV 91.9 MPH)
Batting: SHB Stan Javier 0-0: Foul Ball, location: 2F
0-1: Ball
1-1: Ground out 4-3 (Groundball, 34D, EV 104.4 MPH)
Carlos Cabassa to second
Batting: RHB Joe Citari 0-0: Ball
1-0: Foul Ball, location: 2F
1-1: Ball
2-1: Ball
Wild Pitch!
Carlos Cabassa to third
3-1: Base on Balls
Batting: LHB Jessie Reid 0-0: Ball
1-0: Called Strike
1-1: Ball
2-1: Called Strike
2-2: Strikes out swinging
Top of the 7th over - 0 runs, 0 hits, 0 errors, 2 left on base; Manchester 1 - Elmira 1
BOTTOM OF THE 7TH
Elmira Pioneers batting - Pitching for Manchester Fisher Cats : RHP Mitch Cook
Batting: SHB Esteban Mendez 0-0: Ball
1-0: Ball
2-0: Ball
3-0: Ground out 4-3 (Groundball, 4, EV 82.5 MPH)
Batting: LHB Juan Flores 0-0: Ball
1-0: Ball
2-0: SINGLE (Groundball, 56D, EV 103.1 MPH)
Batting: RHB Curtis Cannedy 0-0: Ball
1-0: Foul Ball, location: 2F
1-1: Called Strike
1-2: 2-RUN HOME RUN (Flyball, 7LD, EV 105.0 MPH), Distance : 365 ft
Batting: LHB German Barranca 0-0: Called Strike
0-1: Ball
1-1: Fly out, F9 (Line Drive, 9, EV 92.5 MPH)
Batting: RHB Ken Dowell 0-0: Ball
1-0: Called Strike
1-1: Ball
2-1: Ground out 6-3 (Groundball, 6, EV 89.4 MPH)
Bottom of the 7th over - 2 runs, 2 hits, 0 errors, 0 left on base; Manchester 1 - Elmira 3
TOP OF THE 8TH
Manchester Fisher Cats batting - Pitching for Elmira Pioneers : RHP Dwayne Henry
Pitching: LHP Pat Perry
Batting: RHB Kevin Darst 0-0: Ball
1-0: Called Strike
1-1: Fly out, F7 (Line Drive, 7D, EV 101.3 MPH)
Batting: RHB Randy Johnson 0-0: Ball
1-0: Ball
2-0: Ball
3-0: Foul Ball, location: 2F
3-1: SINGLE (Line Drive, 8RM, EV 106.9 MPH)
Batting: RHB Buddy Pryor 0-0: Called Strike
0-1: Called Strike
0-2: Strikes out looking
Batting: RHB Reymundo Estevez 0-0: Ball
1-0: Foul Ball, location: 2F
1-1: Ball
2-1: Ball
3-1: Base on Balls
Randy Johnson to second
Batting: LHB Carlos Cabassa 0-0: Foul Ball, location: 2F
0-1: Ball
1-1: Swinging Strike
1-2: Foul Ball, location: 2F
1-2: Strikes out swinging
Top of the 8th over - 0 runs, 1 hit, 0 errors, 2 left on base; Manchester 1 - Elmira 3
BOTTOM OF THE 8TH
Elmira Pioneers batting - Pitching for Manchester Fisher Cats : RHP Mitch Cook
Batting: RHB Mark Wasinger 0-0: Called Strike
0-1: Ground out 1-3 (Groundball, 13S, EV 71.3 MPH)
Batting: RHB Richard Givens 0-0: Ground out 5-3 (Groundball, 56, EV 97.5 MPH)
Batting: RHB Greg Keatley 0-0: Ball
1-0: Fly out, F8 (Flyball, 8LD, EV 93.8 MPH)
Bottom of the 8th over - 0 runs, 0 hits, 0 errors, 0 left on base; Manchester 1 - Elmira 3
TOP OF THE 9TH
Manchester Fisher Cats batting - Pitching for Elmira Pioneers : LHP Pat Perry
Pitching: RHP Alejandro Gallardo
Batting: LHB Tim Derryberry 0-0: Called Strike
0-1: Ball
1-1: Ball
2-1: Foul Ball, location: 2F
2-2: Ball
3-2: Base on Balls
Batting: SHB Stan Javier 0-0: Called Strike
0-1: Ball
1-1: Foul Ball, location: 2F
1-2: Ball
2-2: Ball
3-2: Foul Ball, location: 2F
3-2: Fielders Choice at 2nd, 5-4 (Groundball, 56, EV 88.1 MPH)
Batting: RHB Joe Citari 0-0: Ball
1-0: Swinging Strike
1-1: Ball
2-1: Foul Ball, location: 2F
2-2: Ball
3-2: 2-RUN HOME RUN (Flyball, 7LD, EV 111.9 MPH), Distance : 347 ft
Batting: LHB Jessie Reid 0-0: Swinging Strike
0-1: Ground out U3 (Groundball, 3L, EV 86.3 MPH)
Pinch Hitting: LHB Steve Hammond 0-0: Ball
1-0: Ball
2-0: Swinging Strike
2-1: Called Strike
2-2: Ground out U3 (Groundball, 3, EV 83.8 MPH)
Top of the 9th over - 2 runs, 1 hit, 0 errors, 0 left on base; Manchester 3 - Elmira 3
BOTTOM OF THE 9TH
Elmira Pioneers batting - Pitching for Manchester Fisher Cats : RHP Mitch Cook
Pitching: RHP Chris Davis
Now at 3B: Steve Hammond
Batting: RHB Edwin Rodriguez 0-0: Ball
1-0: Ball
2-0: Ball
3-0: Called Strike
3-1: Fly out, F9 (Flyball, 9D, EV 83.1 MPH)
Batting: SHB Esteban Mendez 0-0: Ball
1-0: SINGLE (Line Drive, 6M, EV 96.9 MPH)
Batting: LHB Juan Flores 0-0: Ball
1-0: Called Strike
1-1: Called Strike
1-2: Ball
2-2: SINGLE (Groundball, 4MD, EV 98.1 MPH)
Esteban Mendez to second
Pinch Hitting: LHB Neil Fiala 0-0: Ball
1-0: Bunt missed!
1-1: Ball
2-1: Bunted foul
2-2: Foul Ball, location: 2F
2-2: Ground out 5-3 (Groundball, 56, EV 85.6 MPH)
Esteban Mendez to third
Juan Flores to second
Batting: LHB German Barranca 0-0: Ground out 6-3 (Groundball, 6, EV 110.6 MPH)
Bottom of the 9th over - 0 runs, 2 hits, 0 errors, 2 left on base; Manchester 3 - Elmira 3
TOP OF THE 10TH
Manchester Fisher Cats batting - Pitching for Elmira Pioneers : RHP Alejandro Gallardo
Now in CF: Ron Stinnett
Pinch Hitting: LHB Mike Ciampa 0-0: Ball
1-0: Ball
2-0: Ball
3-0: Called Strike
3-1: Base on Balls
Pinch Hitting: LHB Herbert Orensky 0-0: Fly out, F7 (Flyball, 78D, EV 88.1 MPH)
Batting: RHB Reymundo Estevez 0-0: Ball
1-0: Foul Ball, location: 2F
1-1: Called Strike
1-2: Foul Ball, location: 2F
1-2: Ball
Mike Ciampa steals 2nd base
2-2: Foul Ball, location: 2F
2-2: Foul Ball, location: 2F
2-2: Ball
3-2: Fly out, F3 (Line Drive, 3, EV 61.9 MPH)
Batting: LHB Carlos Cabassa 0-0: Called Strike
0-1: Ball
1-1: Called Strike
1-2: Ball
2-2: Foul Ball, location: 2F
2-2: Fly out, F9 (Flyball, 9, EV 86.3 MPH)
Top of the 10th over - 0 runs, 0 hits, 0 errors, 1 left on base; Manchester 3 - Elmira 3
BOTTOM OF THE 10TH
Elmira Pioneers batting - Pitching for Manchester Fisher Cats : RHP Chris Davis
Now at C: Herbert Orensky
Now at 2B: Danny Hernandez
Batting: RHB Ken Dowell 0-0: SINGLE (Line Drive, 4M, EV 95.6 MPH)
Batting: RHB Mark Wasinger 0-0: Called Strike
0-1: Sac Bunt to 3S - play at first, batter OUT! 3-1
Ken Dowell to second
Batting: RHB Richard Givens 0-0: Ball
1-0: Ball
2-0: Ball
Ken Dowell is caught stealing 3rd base 2-5
3-0: Called Strike
3-1: Base on Balls
Batting: RHB Greg Keatley 0-0: Foul Ball, location: 2F
0-1: Ball
1-1: Ball
2-1: Foul Ball, location: 2F
2-2: Ball
3-2: Fly out, F7 (Flyball, 7LM, EV 108.1 MPH)
Bottom of the 10th over - 0 runs, 1 hit, 0 errors, 1 left on base; Manchester 3 - Elmira 3
TOP OF THE 11TH
Manchester Fisher Cats batting - Pitching for Elmira Pioneers : RHP Alejandro Gallardo
Pitching: RHP Jeffrey Franklin
Batting: LHB Tim Derryberry 0-0: Ball
1-0: Ball
2-0: Foul Ball, location: 2F
2-1: Foul Ball, location: 2F
2-2: Ball
3-2: SINGLE (Line Drive, 56D, EV 96.3 MPH)
Batting: SHB Stan Javier 0-0: Called Strike
0-1: Foul Ball, location: 2F
0-2: Ball
1-2: Foul Ball, location: 2F
1-2: Ball
2-2: Foul Ball, location: 2F
2-2: Strikes out swinging
Batting: RHB Joe Citari 0-0: Ball
1-0: Ball
2-0: Swinging Strike
2-1: Foul Ball, location: 2F
2-2: Ball
3-2: Strikes out looking
Batting: LHB Jessie Reid 0-0: Ball
1-0: Fly out, F8 (Flyball, 78S, EV 80.6 MPH)
Top of the 11th over - 0 runs, 1 hit, 0 errors, 1 left on base; Manchester 3 - Elmira 3
BOTTOM OF THE 11TH
Elmira Pioneers batting - Pitching for Manchester Fisher Cats : RHP Chris Davis
Pitching: RHP Stephen Marsden
Batting: RHB Edwin Rodriguez 0-0: Swinging Strike
0-1: Foul Ball, location: 2F
0-2: Foul Ball, location: 2F
0-2: Ball
1-2: Foul Ball, location: 2F
1-2: Ball
2-2: Ball
3-2: Base on Balls
Batting: SHB Esteban Mendez 0-0: Ball
1-0: Sac Bunt to 5S - play at first, batter safe!
Edwin Rodriguez to second
Batting: LHB Juan Flores 0-0: Ball
Edwin Rodriguez steals 3rd base (no throw)
1-0: Foul Ball, location: 2F
1-1: Ball
2-1: Ball
3-1: Base on Balls
Esteban Mendez to second
Batting: RHB Ron Stinnett 0-0: DOUBLE (Flyball, 5D, EV 95.6 MPH)
Edwin Rodriguez scores
Bottom of the 11th over - 1 run, 2 hits, 0 errors, 0 left on base; Manchester 3 - Elmira 4
Wednesday, August 12th, 2020 - OOTP Baseball 21.5 Build 76